 Dungeon Crawl Stone Soup version 0.28-a0-1616-g050a50673c (webtiles) character file.

Game seed: 11712060959619306891

79 Hasart the Ducker (level 3, -2/30 HPs)
             Began as a Demigod Gladiator on Jan 23, 2022.
             Slain by a scorpion (3 damage)
             ... on level 3 of the Dungeon.
             The game lasted 00:02:53 (1990 turns).

Hasart the Ducker (Demigod Gladiator)               Turns: 1990, Time: 00:02:54

Health: -2/30      AC: 13    Str: 19    XL:     3   Next: 97%
Magic:  5/5        EV:  6    Int: 10    God:
Gold:   109        SH:  0    Dex: 15    Spells: 2/2 levels left

rFire   + . .      SeeInvis .   a - +0 long sword
rCold   . . .      Faith    .   (no shield)
rNeg    . . .      Spirit   .   g - +2 plate armour {rF+}
rPois   .          Reflect  .   c - +0 helmet
rElec   .          Harm     .   (no cloak)
rCorr   .          Rampage  .   (no gloves)
Will    .....                   (no boots)
Stlth   ..........              (no amulet)
HPRegen 0.10/turn               (no ring)
MPRegen 0.09/turn               (no ring)

@: lethally poisoned (-2 -> -18)
A: high mp 1, forlorn, divine attributes
a: no special abilities


You were on level 3 of the Dungeon.
You visited 1 branch of the dungeon, and saw 3 of its levels.

You collected 109 gold pieces.

Inventory:

Hand Weapons
 a - a +0 long sword (weapon)
Missiles
 d - 4 throwing nets
 h - a boomerang (quivered)
Armour
 b - a +0 leather armour
 c - a +0 helmet (worn)
 g - a +2 plate armour of fire resistance (worn)
Scrolls
 e - a scroll of fear {unknown}
 i - a scroll of holy word {unknown}
 j - a scroll of identify {unknown}
 n - a scroll of teleportation {unknown}
Potions
 f - 2 potions of cancellation {unknown}
 k - a potion of invisibility {unknown}
 l - a potion of resistance {unknown}
 m - 2 potions of flight {unknown}


   Skills:
 + Level 2.4 Fighting
 + Level 3.1 Long Blades
 + Level 2.4 Throwing
 + Level 1.2 Armour
 + Level 3.1 Dodging


You had 2 spell levels left.
You didn't know any spells.
Your spell library contained the following spells:

 Spells                   Type           Power      Damage    Failure   Level
 Summon Forest            Summ/Tloc      0%         N/A       100%        5
 Summon Mana Viper        Hex/Summ       0%         N/A       100%        5
 Summon Cactus Giant      Summ           0%         N/A       100%        6


Dungeon Overview and Level Annotations

Branches:
Dungeon (3/15)

Shops:
D:1 ?


Innate Abilities, Weirdness & Mutations

You have an increased reservoir of magic. (+10% MP)
You shall have no god before yourself.
Your divine heritage dramatically boosts your attributes as you level up.


Message History

The boomerang hits the scorpion but does no damage.
Throw: boomerang
Press: ? - help, Q - select action, (/) - cycle Shift-Dir - straight line, f/p - scorpion
Aim: a scorpion (60% to hit)
You throw a boomerang.
The boomerang hits the scorpion but does no damage.
The scorpion stings you.
You are poisoned.
The scorpion poisons you!
You barely miss the scorpion.
You feel very sick.
The scorpion stings you but does no damage.
You hit the scorpion but do no damage.
You feel sick. The scorpion stings you. x2
You are more poisoned.
The scorpion poisons you!
You barely miss the scorpion.
You feel very sick.
The scorpion stings you but does no damage.
You closely miss the scorpion.
You punch the scorpion, but do no damage.
You feel very sick.
The scorpion stings you but does no damage.
The scorpion completely misses you.
You hit the scorpion.
The scorpion is moderately wounded.
* * * LOW HITPOINT WARNING * * *
You feel sick. The scorpion barely misses you.
You hit the scorpion.
The scorpion is moderately wounded.
* * * LOW HITPOINT WARNING * * *
You feel sick.
The scorpion stings you but does no damage.
You barely miss the scorpion.
The scorpion is moderately wounded.
* * * LOW HITPOINT WARNING * * *
You feel sick. The scorpion stings you.
* * * LOW HITPOINT WARNING * * *
You are more poisoned.
The scorpion poisons you! The scorpion stings you.
You die...

#######.#
##############..@s...#
......)......'..........
#.############..........
#.# ##########. #.# #.#
#.# #.# #.# #####


You could see a scorpion.

Vanquished Creatures
  2 adders (D:2)
  3 dart slugs
  4 bats
  5 endoplasms
  7 goblins
  8 hobgoblins
  4 quokkas
  6 ball pythons
  3 frilled lizards
  4 kobolds
  3 rats
49 creatures vanquished.

Vanquished Creatures (others)
  2 plants (D:1)
2 creatures vanquished.

Grand Total: 51 creatures vanquished

Notes
Turn   | Place    | Note
-------+----------+-------------------------------------------
     0 | D:1      | Hasart the Demigod Gladiator began the quest for the Orb.
     0 | D:1      | Reached XP level 1. HP: 17/17 MP: 3/3
    92 | D:1      | Reached XP level 2. HP: 9/24 MP: 4/4
   345 | D:1      | Found Pexteuv's Magic Scroll Shoppe.
   979 | D:1      | Reached XP level 3. HP: 24/29 MP: 5/5
  1168 | D:2      | Reached skill level 1 in Armour
  1979 | D:3      | Noticed a scorpion
  1990 | D:3      | HP: 1/30 [scorpion (4)]
  1990 | D:3      | Slain by a scorpion

Illustrated notes

Levels and vault maps discovered:
D:1:      eino_arrival_druids_welcome, layout_rooms, serial_shops,
          nicolae_shop_trees, serial_corexii_hall, chequers_hall_statues_wall_a,
          corexii_hall_statues_u, corexii_hall_statues_u,
          shapermc_ecumenical_altar_mp_ritualfount, minmay_split_cup_large
D:2:      layout_rooms
D:3:      layout_basic

Skill      XL: |  1  2  3 |
---------------+----------+-----
Fighting       | 2 |  2.4
Throwing       | 2 |  2.4
Long Blades    | 3 |  3.1
Dodging        | 3 |  3.1
Armour         | 1 |  1.2

Action                   || total
-------------------------++-------
Melee: Long sword        ||   165
       Punch             ||     1
Throw: Boomerang         ||     6
 Stab: Sleeping          ||     1
Armor: Leather armour    ||    12
       Plate armour      ||    98
Dodge: Dodged            ||    72

Table legend: (Time is in decaauts)
 A = Elapsed time spent in this place.
 B = Non-inter-level travel time spent in this place.
 C = Inter-level travel time spent in this place.
 D = Time resting spent in this place.
 E = Time spent auto-exploring this place.
 F = Levels seen in this place.
 G = Mean time per level.
                   A        B        C        D        E       F      G
               +--------+--------+--------+--------+--------+-----+--------+
         Total |   2036 |   1938 |     98 |      0 |   1505 |   3 |  678.7 |
       Dungeon |   2036 |   1938 |     98 |      0 |   1505 |   3 |  678.7 |
               +--------+--------+--------+--------+--------+-----+--------+

Top non-repeatable levels by time:
     D:1: 1164 daAuts
     D:2: 783 daAuts
     D:3: 87 daAuts
